 Dungeon Crawl Stone Soup version 0.29.1-2-gbd0b4ee654 (webtiles) character file.

Game seed: 10489459316605277805

212 zeram the Sneak (level 5, 0/33 HPs)
             Began as an Octopode Enchanter on Nov 13, 2022.
             Slain by an orc
             ... wielding a +0 hand axe
              (3 damage)
             ... on level 4 of the Dungeon.
             The game lasted 00:07:26 (4245 turns).

zeram the Sneak (Octopode Enchanter)                Turns: 4245, Time: 00:07:27

Health: 0/33       AC:  2    Str:  8    XL:     5   Next: 89%
Magic:  8/8        EV: 13    Int: 19    God:
Gold:   169        SH:  0    Dex: 15    Spells: 8/8 levels left

rFire   + . .      SeeInvis .   a - +2 dagger
rCold   + . .      Faith    .   (no shield)
rNeg    . . .      Spirit   .   g - +1 hat of Loss {rPois Dex+3 Stlth+}
rPois   +          Reflect  .   (no amulet)
rElec   +          Harm     .   c - ring of wizardry
rCorr   +          Rampage  .   j - ring of flight
Will    .....                   (no ring)
Stlth   ++++++....              (no ring)
HPRegen 0.11/turn               (no ring)
MPRegen 0.11/turn               (no ring)
                                (no ring)
                                (no ring)

@: resistant, flying
A: almost no armour, amphibious, 8 rings, camouflage 1, gelatinous body 1,
(nimble swimmer 1), tentacles
a: no special abilities


You were on level 4 of the Dungeon.
You visited 1 branch of the dungeon, and saw 4 of its levels.
You also visited: Sewer.

You collected 169 gold pieces.

Inventory:

Hand Weapons
 a - a +2 dagger (weapon)
Armour
 d - a +0 tower shield
 g - the +1 hat of Loss (worn) {rPois Dex+3 Stlth+}
   (You acquired it on level 1 of the Dungeon)

   Dex:       It affects your dexterity (+3).
   rPois:     It protects you from poison.
   Stlth:     It makes you more stealthy.
Jewellery
 b - an amulet of faith
 c - a ring of wizardry (left tentacle)
 h - a ring of poison resistance
 j - a ring of flight (right tentacle)
Wands
 k - a wand of roots (5)
Scrolls
 l - 2 scrolls of teleportation
 m - a scroll of butterflies
 q - 2 scrolls of poison {unknown}
 r - a scroll of identify {unknown}
Potions
 e - a potion of berserk rage {unknown}
 f - 2 potions of resistance
 i - a potion of ambrosia {unknown}
 n - a potion of magic {unknown}
 o - 3 potions of curing {unknown}
 p - 2 potions of attraction {unknown}


   Skills:
 + Level 1.0 Fighting
 + Level 2.3 Short Blades
 + Level 2.3 Dodging
 + Level 7.2 Stealth
 + Level 2.3 Spellcasting
 + Level 3.4 Hexes


You had 8 spell levels left.
You didn't know any spells.
Your spell library contained the following spells:

 Spells                   Type           Power      Damage    Failure   Level
 Ensorcelled Hibernation  Hex/Ice        16%        N/A       4%          2
 Confusing Touch          Hex            15%        N/A       4%          3
 Tukima's Dance           Hex            15%        N/A       4%          3
 Dazzling Flash           Conj/Hex       16%        N/A       10%         3
 Passwall                 Tmut/Erth      1%         N/A       11%         2
 Conjure Flame            Conj/Fire      2%         6-21      21%         3
 Ignite Poison            Fire/Tmut/Pois 2%         N/A       21%         3
 Swiftness                Air            2%         N/A       21%         3
 Sticky Flame             Conj/Fire      2%         2d3       52%         4


Dungeon Overview and Level Annotations

Branches:
Dungeon (4/15)              Sewer (visited)
 Temple: D:4-7

Altars:
Ashenzari
Wu Jian


Innate Abilities, Weirdness & Mutations

You cannot wear most types of armour.
You are amphibious.
You can wear up to eight rings at the same time.
Your skin changes colour to match your surroundings (Stealth+).
Your rubbery body absorbs attacks. (AC +1, EV +1)
((You are camouflaged when in or above water. (Stealth+)))
You have tentacles for arms and can constrict up to eight enemies at once.


Message History

You are too injured to fight recklessly!
You are too injured to fight recklessly!
You are too injured to fight recklessly!
Unknown command.
You hit the orc priest but do no damage.
Your grab misses the orc priest. The orc misses you.
The orc priest looks satisfied for a moment.
You hit the orc priest but do no damage.
You grab the orc priest.
You constrict the orc priest, but do no damage.
The orc closely misses you. x2; The orc priest closely misses you.
You hit the orc priest.
The orc priest is lightly wounded.
You constrict the orc priest, but do no damage.
The orc misses you.
The orc priest hits you with a +0 short sword.
The orc closely misses you.
You hit the orc priest but do no damage.
You squeeze the orc priest, but do no damage.
The orc priest is lightly wounded.
You constrict the orc priest, but do no damage.
The orc priest closely misses you. The orc misses you.
The orc hits you with a +0 short sword.
Unknown command.
Okay, then.
Okay, then.
You hit the orc priest.
The orc priest is lightly wounded.
You constrict the orc priest, but do no damage.
The orc priest hits you with a +0 short sword.
* * * LOW HITPOINT WARNING * * *
The orc closely misses you. The orc hits you with a +0 hand axe.
* * * LOW HITPOINT WARNING * * *
Okay, then.
It was a potion of resistance.
You feel protected.
You constrict the orc priest, but do no damage.
The orc priest barely misses you. The orc closely misses you.
The orc hits you with a +0 hand axe.
You die...

#####.#####. #.#
#.........<. # #.#
#.#......... #.#.#
#.#......... .
#.#.####.#...#####. #.#
#......<#....#####.
....####.####.#.#....[..
#(..oo.####.#.#######.
#..So@)...............
#.####################


You could see an orc priest, 2 orcs and a ball python.

Vanquished Creatures
  Jessica (D:2)
  6 adders
  4 river rats
  4 worms
  2 dart slugs (D:1)
  2 orcs (D:4)
  11 bats
  3 endoplasms
  7 giant cockroaches
  6 goblins
  4 hobgoblins
  2 jackals
  5 kobolds
  5 quokkas
  10 ball pythons
  4 frilled lizards
  4 rats
80 creatures vanquished.

Notes
Turn   | Place    | Note
-------+----------+-------------------------------------------
     0 | D:1      | zeram the Octopode Enchanter began the quest for the Orb.
     0 | D:1      | Reached XP level 1. HP: 11/11 MP: 3/3
   111 | D:1      | Reached XP level 2. HP: 17/17 MP: 5/5
   652 | D:1      | Reached XP level 3. HP: 20/21 MP: 6/6
   669 | D:1      | Reached skill level 5 in Stealth
  1023 | D:1      | Identified a scroll of acquirement
  1023 | D:1      | Acquired the +1 hat of Loss {rPois Dex+3 Stlth+}
  1185 | D:2      | Noticed Jessica
  1196 | D:2      | Killed Jessica
  1197 | D:2      | Reached XP level 4. HP: 5/27 MP: 7/7
  1605 | D:2      | Found a faded altar of an unknown god.
  2186 | D:3      | Found an ornate altar of the Wu Jian Council.
  2487 | D:3      | Reached skill level 6 in Stealth
  2509 | D:3      | Found a glowing drain.
  2516 | Sewer    | Entered a sewer
  2524 | Sewer    | HP: 1/27 [river rat (3)]
  2549 | Sewer    | Reached XP level 5. HP: 32/32 MP: 8/8
  3202 | Sewer    | Reached skill level 7 in Stealth
  3416 | Sewer    | Reached skill level 1 in Fighting
  3939 | D:3      | Found a broken altar of Ashenzari.
  4245 | D:4      | Slain by an orc

Illustrated notes

Levels and vault maps discovered:
D:1:      dpeg_arrival_renting, layout_loops_cross, chequers_garden
D:2:      minmay_general_purpose_star, layout_rooms,
          chequers_ecumenical_altar_simple_redux, serial_park_tiny_2,
          uniq_jessica
D:3:      layout_basic, nicolae_overflow_hidden_temple,
          nzn_wu_jian_contemplation, portal_sewer_entry_e
D:4:      layout_loops_ring, kennysheep_mini, kennysheep_opposing_triangles

Skill      XL: |  1  2  3  4  5 |
---------------+----------------+-----
Stealth        | 5 6 7 |  7.2
Short Blades   | 2 |  2.3
Fighting       | 1 |  1.0
Dodging        | |  2.3
Spellcasting   | |  2.3
Hexes          | |  3.4

Action                   |  1- 3 |  4- 6 || total
-------------------------+-------+-------++-------
Melee: Dagger            |    44 |   117 ||   161
       Constrict         |    13 |    30 ||    43
       Tentacles         |     8 |    17 ||    25
  Use: Scroll            |     1 |     6 ||     7
       Potion            |       |     5 ||     5
 Stab: Sleeping          |    11 |    23 ||    34
       Invisible         |       |     1 ||     1
Armor: Skin              |     3 |    10 ||    13
Dodge: Dodged            |    19 |    85 ||   104
